 Dungeon Crawl Stone Soup version 0.29.1-15-g9cfb28693d (webtiles) character file.

Game seed: 9715492656258022361

146 croobank the Insei (level 5, 0/34 HPs)
             Began as an Octopode Transmuter on Mar 8, 2023.
             Slain by a kobold
             ... wielding a +0 club
              (4 damage)
             ... on level 3 of the Dungeon.
             The game lasted 00:05:17 (3177 turns).

croobank the Insei (Octopode Transmuter)            Turns: 3177, Time: 00:05:17

Health: 0/34       AC:  1    Str:  9    XL:     5   Next: 28%
Magic:  1/9        EV: 13    Int: 18    God:
Gold:   110        SH:  0    Dex: 12    Spells: 6/9 levels left

rFire   . . .      SeeInvis .     - Unarmed
rCold   . . .      Faith    .   (no shield)
rNeg    . . .      Spirit   .   (helmet restricted)
rPois   .          Reflect  .   (no amulet)
rElec   .          Harm     .   (no ring)
rCorr   .          Rampage  .   (no ring)
Will    .....                   (no ring)
Stlth   ++........              (no ring)
HPRegen 0.11/turn               (no ring)
MPRegen 0.11/turn               (no ring)
                                (no ring)
                                (no ring)

@: brilliant, wereblooded
A: almost no armour, amphibious, 8 rings, camouflage 1, gelatinous body 1,
(nimble swimmer 1), tentacles
a: no special abilities


You were on level 3 of the Dungeon.
You visited 1 branch of the dungeon, and saw 3 of its levels.

You collected 110 gold pieces.

Inventory:

Hand Weapons
 d - a +0 trident
 f - a +0 short sword
 k - a +1 vorpal hand axe
Missiles
 g - 2 silver javelins
Scrolls
 b - a scroll of vulnerability {unknown}
 i - 2 scrolls of identify {unknown}
 j - a scroll of summoning {unknown}
 l - a scroll of silence {unknown}
 m - a scroll of teleportation {unknown}
Potions
 a - a potion of lignification
 c - 2 potions of magic
 e - a potion of brilliance
 n - a potion of degeneration {unknown}
 o - a potion of haste {unknown}


   Skills:
 + Level 2.2 Fighting
 + Level 2.9 Dodging
 + Level 3.7 Unarmed Combat
 + Level 2.7 Spellcasting
 + Level 2.9 Transmutations


You had 6 spell levels left.
You knew the following spells:

 Your Spells              Type           Power      Damage    Failure   Level
a - Beastly Appendage     Tmut           38%        N/A       4%          1
b - Wereblood             Tmut           19%        N/A       8%          2

Your spell library contained the following spells:

 Spells                   Type           Power      Damage    Failure   Level
 Spider Form              Tmut/Pois      11%        N/A       26%         3
 Gell's Gravitas          Tloc           3%         N/A       45%         3
 Lesser Beckoning         Tloc           3%         N/A       45%         3
 Teleport Other           Tloc           3%         N/A       45%         3
 Tukima's Dance           Hex            3%         N/A       45%         3
 Ice Form                 Ice/Tmut       11%        N/A       65%         4
 Passage of Golubria      Tloc           3%         N/A       86%         4
 Yara's Violent Unravell  Hex/Tmut       5%         3d4       94%         5


Dungeon Overview and Level Annotations

Branches:
Dungeon (3/15)

Altars:


Innate Abilities, Weirdness & Mutations

You cannot wear most types of armour.
You are amphibious.
You can wear up to eight rings at the same time.
Your skin changes colour to match your surroundings (Stealth+).
Your rubbery body absorbs attacks. (AC +1, EV +1)
((You are camouflaged when in or above water. (Stealth+)))
You have tentacles for arms and can constrict up to eight enemies at once.


Message History

The kobold shouts!
Your grab misses the adder. The adder closely misses you.
The kobold hits you with a +0 club.
The kobold shouts!
You tentacle-slap the adder but do no damage.
Your grab misses the adder. The adder bites you.
You are poisoned.
The adder poisons you!
You tentacle-slap the adder. Your grab misses the adder.
The adder is lightly wounded.
You feel sick. The kobold completely misses you. The kobold closely misses you.
The kobold misses you. The adder barely misses you.
You tentacle-slap the adder. Your grab misses the adder.
The adder is lightly wounded.
You feel sick. The adder misses you. The kobold hits you with a +0 club.
The kobold closely misses you. The kobold barely misses you.
You tentacle-slap the adder. Your grab misses the adder.
The adder is moderately wounded.
You feel sick. The adder closely misses you.
The kobold hits you with a +0 club. x3
* * * LOW HITPOINT WARNING * * *
The adder closely misses you.
It was a potion of brilliance.
You feel clever all of a sudden.
You feel sick.
You are no longer poisoned.
The kobold hits you with a +0 club.
* * * LOW HITPOINT WARNING * * *
The kobold hits you with a +0 club.
* * * LOW HITPOINT WARNING * * *
The adder misses you.
Okay, then.
Okay, then.
Okay, then.
Unknown command.
It was a potion of curing.
You feel better. The adder closely misses you.
The kobold hits you with a +0 club.
* * * LOW HITPOINT WARNING * * *
The kobold barely misses you. The kobold hits you with a +0 club.
You die...

~~≈≈~.....~~~~~~~≈~~~~~~≈≈~≈~~~~~
≈≈≈≈~.[...~≈≈≈≈≈~≈≈≈≈≈~≈≈≈≈≈≈≈~≈≈
≈≈≈≈~~....~~≈≈≈≈~≈≈≈≈≈≈≈≈≈≈≈≈≈≈≈≈
#######''########################
#....# ... #.().# ....
##....#########.....
#......#....KS$.....
+......'....@KK.....
#......#....KK......
##....#########..... #....# ....
#....# ... ###### ##


You could see an adder and 5 kobolds.

Vanquished Creatures
  An orc priest (D:3)
  5 adders
  A worm (D:3)
  5 orcs (D:3)
  5 endoplasms
  5 giant cockroaches
  4 goblins
  2 hobgoblins
  A jackal (D:3)
  A quokka (D:1)
  5 ball pythons
  8 bats
  3 frilled lizards
  13 kobolds
  3 rats (D:1)
62 creatures vanquished.

Notes
Turn   | Place    | Note
-------+----------+-------------------------------------------
     0 | D:1      | croobank the Octopode Transmuter began the quest for the
                  | Orb.
     0 | D:1      | Reached XP level 1. HP: 13/13 MP: 3/3
   248 | D:1      | Reached XP level 2. HP: 18/18 MP: 3/5
   255 | D:1      | Learned a level 2 spell: Wereblood
   602 | D:1      | You fall into a shaft and drop 1 floor!
  1157 | D:2      | Reached XP level 3. HP: 23/23 MP: 2/6
  1349 | D:2      | Found a faded altar of an unknown god.
  1557 | D:2      | Reached XP level 4. HP: 26/29 MP: 4/7
  2272 | D:3      | HP: 1/29 [orc/+0 club (2)]
  2274 | D:3      | Reached XP level 5. HP: 4/34 MP: 7/9
  3176 | D:3      | HP: 1/34 [kobold/+0 club (3)]
  3177 | D:3      | Slain by a kobold

Illustrated notes

Levels and vault maps discovered:
D:1:      dpeg_arrival_snail, layout_basic, chequers_avenue, minivault_24,
          chequers_mini_garden
D:2:      layout_basic, chequers_ecumenical_altar_simple, minmay_between
D:3:      minmay_goblin_kobold_castle, layout_basic, grunt_decor_fettered,
          st_stairs_6, roderic_nine_men_s_morris, kennysheep_jessica_study

Skill      XL: |  1  2  3  4 |
---------------+-------------+-----
Fighting       | 2 |  2.2
Dodging        | |  2.9
Unarmed Combat | |  3.7
Spellcasting   | |  2.7
Transmutations | |  2.9

Action                   |  1- 3 |  4- 6 || total
-------------------------+-------+-------++-------
Melee: Unarmed           |    60 |    69 ||   129
       Kick              |    15 |    21 ||    36
       Constrict         |    16 |    19 ||    35
       Tentacles         |     9 |    11 ||    20
       Punch             |     2 |     2 ||     4
 Cast: Beastly Appendage |    18 |    16 ||    34
       Wereblood         |    11 |    17 ||    28
  Use: Potion            |       |     3 ||     3
 Stab: Sleeping          |     2 |     2 ||     4
Armor: Skin              |     6 |     5 ||    11
Dodge: Dodged            |    36 |    41 ||    77
